 Dungeon Crawl Stone Soup version 0.20.1-1-g8b1a95d (webtiles) character file.

108294 volde25 the Warrior (level 16, -8/238 HPs)
             Began as a Minotaur Fighter on Aug 15, 2017.
             Was a High Priest of Trog.
             Killed from afar by a frost giant (42 damage)
             ... with a bolt of cold
             ... on level 1 of the Depths.
             The game lasted 01:31:28 (23560 turns).

volde25 the Warrior (Minotaur Fighter)             Turns: 23560, Time: 01:31:28

Health: -8/238     AC: 19    Str: 29    XL:     16   Next: 2%
Magic:  0/24       EV: 19    Int:  5    God:    Trog [*****.]
Gold:   1084       SH: 15    Dex: 14    Spells: 15/15 levels left

rFire    + + +     SeeInvis .   S - +8 trident "Qumom" {pierce, rF+}
rCold    x . .     Gourm    .   c - +1 shield
rNeg     . . .     Faith    .   W - +3 fire dragon scales
rPois    .         Spirit   +   (helmet restricted)
rElec    .         Reflect  .   n - +1 cloak {+Inv}
rCorr    .         Harm     .   B - +1 pair of gloves
MR       +....                  (no boots)
Stlth    ..........             v - amulet of guardian spirit
Regen    0.5/turn               O - +2 ring of evasion
MPRegen  0.2/turn               M - ring of magical power

@: berserking, drained, very quick
A: retaliatory headbutt, horns 2
a: Berserk, Trog's Hand, Brothers in Arms, Burn Spellbooks, Renounce Religion,
Evoke Invisibility


You were on level 1 of the Depths.
You worshipped Trog.
Trog was extremely pleased with you.
You were not hungry.

You visited 2 branches of the dungeon, and saw 16 of its levels.
You also visited: Ossuary.

You collected 1084 gold pieces.

Inventory:

Hand Weapons
 a - a +2 trident of electrocution
 S - the +8 trident "Qumom" (weapon) {pierce, rF+}
   (You found it on level 10 of the Dungeon)

   It inflicts extra damage upon your enemies.
   It protects you from fire.
Missiles
 d - 4 throwing nets (quivered)
 L - 6 tomahawks of returning
Armour
 c - a +1 shield (worn)
 n - a +1 cloak of invisibility (worn)
 B - a +1 pair of gloves (worn)
 W - +3 fire dragon scales (worn)
Jewellery
 h - a +1 ring of protection
 v - an amulet of guardian spirit (around neck)
 x - an uncursed ring of positive energy
 I - an uncursed ring of resist corrosion
 K - a +1 ring of protection
 M - a ring of magical power (right hand)
 O - a +2 ring of evasion (left hand)
 T - an uncursed ring of fire
Wands
 f - a wand of confusion (30/48)
 m - a wand of acid (7/15)
 t - a wand of digging (12/24)
 y - a wand of iceblast (6/15)
 A - a wand of flame (22/48)
 F - a wand of polymorph (11/24)
 N - a wand of lightning (9/15)
 P - a wand of enslavement (13/24)
 Q - a wand of confusion (7/48)
 R - a wand of lightning (8/15)
Scrolls
 b - 5 scrolls of recharging
 r - 3 scrolls of magic mapping
 s - a scroll of blinking
 u - 3 scrolls of teleportation
 w - 5 scrolls of remove curse
 E - 3 scrolls of fog
 H - a scroll of enchant weapon
 J - 2 scrolls of fear
 V - 2 scrolls of identify
Potions
 e - 5 potions of brilliance
 g - 2 potions of cancellation
 i - 2 potions of flight
 k - 7 potions of curing
 o - a potion of magic
 p - a potion of might
 q - 3 potions of berserk rage
 z - 4 potions of agility
 G - a potion of ambrosia
 U - a potion of haste
 Z - a potion of resistance
Comestibles
 j - 7 royal jellies
 l - 5 meat rations
 C - a bread ration
 D - 5 fruits


   Skills:
 * Level 18.9(17.6) Fighting
 - Level 16.1(14.9) Polearms
 - Level 0.2(0.0) Throwing
 - Level 12.0(10.8) Armour
 - Level 13.1(12.0) Dodging
 - Level 14.2(13.0) Shields


You had 15 spell levels left.
You didn't know any spells.

Dungeon Overview and Level Annotations

Branches:
Dungeon (15/15)            Temple (0/1) D:6            Lair (0/6) D:9
    Orc (0/2) D:11         Vaults (0/5) D:14         Depths (1/5) D:15

Altars:
Ashenzari
Dithmenos
Fedhas
Gozag
Nemelex Xobeh
Ru
Sif Muna
Trog
Vehumet
Zin
The Shining One
Beogh

Shops:
D:7 !   D:11 [

Portals:
Hell: Depths:1


Innate Abilities, Weirdness & Mutations

You reflexively headbutt those who attack you in melee.
You have a pair of horns on your head.


Message History

A stone giant comes into view.
You block the stone giant's attack.
You impale the stone giant!!
The stone giant is moderately wounded.
You puncture the stone giant!
The stone giant is moderately wounded.
You hit the stone giant.
The stone giant is moderately wounded.
The stone giant hits you!!
* * * LOW HITPOINT WARNING * * *
You impale the stone giant!! You headbutt the stone giant!
The stone giant is almost dead.
You puncture the stone giant!
You kill the stone giant!
Trog accepts your kill.
You have reached level 16!
You feel agile. The frost giant casts a spell at you.
The bolt of cold hits you!
You feel a terrible chill!
You die...

.###.####†#...####....##
#..(≈≈# ##.#.##
#.#.#...####...#####...≈≈
.....##
#.#.#.#...####...####....
##.#.## #.#.#...##.#
###.[.#..#.. (###)##
#.#...####.# ###.......
#..#.## #...####..##
###.....
###..###..####.#.###
###... #####.##### #)#.##
###. #..##†# ##@###
###### #.#..## #C.#(##
C.yD## #.#### #.## .##
##### .##### #. ### ###.
###..# # ###... ##..###
###..... #..####
###...##.. ..##=##
###...####.. .##..##
###..[#######.


You could see a frost giant.

Vanquished Creatures
  A sphinx (Depths:1)
  A tengu reaver (D:14)
  2 storm dragons
  A shadow dragon (Depths:1)
  2 fire giants (D:14)
  A frost giant (D:15)
  7 very ugly things (Depths:1)
  7 stone giants (Depths:1)
  2 vampire knights
  An ettin (Depths:1)
  A fire dragon (shapeshifter) (D:13)
  6 fire dragons
  A yaktaur captain (Depths:1)
  A great orb of eyes (Depths:1)
  11 vault guards (D:14)
  An ice dragon (Depths:1)
  2 hydras
  A catoblepas (D:13)
  7 two-headed ogres
  3 centaur warriors
  3 deep troll earth magi (Depths:1)
  A hell hog (Depths:1)
  An alligator (shapeshifter) (Depths:1)
  3 tengu warriors
  A queen ant (D:8)
  A deep troll shaman (Depths:1)
  The ghost of Toogi the Chucker, a novice TrHu of Makhleb (D:8)
  3 skeletal warriors (D:15)
  A hell knight (Depths:1)
  Sonja (D:14)
  3 unseen horrors
  4 deep trolls (Depths:1)
  6 deep elf magi
  3 manticores
  24 ugly things
  A cyclops (D:14)
  Maurice (D:9)
  A moth of wrath (shapeshifter) (Depths:1)
  Joseph (D:7)
  2 yaktaurs (D:15)
  A komodo dragon (D:15)
  4 gargoyles (D:13)
  A kobold demonologist (D:14)
  A komodo dragon (shapeshifter) (Depths:1)
  A freezing wraith (D:14)
  An efreet (D:13)
  3 meliai (D:13)
  3 tengu conjurers
  A troll (D:9)
  A harpy skeleton (D:15)
  3 hornets
  4 slime creatures
  4 hippogriffs
  A dream sheep (shapeshifter) (Depths:1)
  Sigmund (D:5)
  3 shadows
  A tarantella (shapeshifter) (Depths:1)
  A vampire (D:12)
  A spriggan (shapeshifter) (D:13)
  A wyvern (D:14)
  3 wraiths
  A basilisk (D:9)
  4 water elementals (Depths:1)
  A yak (shapeshifter) (D:14)
  6 hungry ghosts
  11 yaks
  8 vampire mosquitoes
  Menkaure (D:4)
  Edmund (D:5)
  9 soldier ants
  12 orc warriors
  4 porcupines (D:9)
  3 ice beasts
  3 black bears
  5 phantoms
  4 sky beasts
  A necrophage (D:10)
  3 eyes of draining
  12 ogres
  2 boggarts (Depths:1)
  3 wolves (D:9)
  11 centaurs
  2 crocodiles (D:9)
  5 big kobolds
  A crocodile (shapeshifter) (Depths:1)
  10 bullfrogs
  A water moccasin zombie (Ossuary)
  A wyvern zombie (Ossuary)
  11 scorpions
  3 wyvern skeletons
  15 wights
  3 killer bees (D:10)
  7 howler monkeys
  7 crimson imps
  9 centaur zombies
  7 jellies
  3 quasits
  A bullfrog skeleton (D:13)
  4 centaur skeletons
  8 hounds
  Crazy Yiuf (D:4)
  13 orc priests
  4 bullfrog zombies (Ossuary)
  5 gnoll shamans (D:5)
  3 iguanas
  9 mummies (Ossuary)
  14 orc wizards
  Natasha (D:2)
  22 worker ants
  A bullfrog simulacrum (D:13)
  2 hound zombies (Ossuary)
  2 hound skeletons
  5 howler monkey zombies
  5 worker ant zombies
  41 gnolls
  A howler monkey skeleton (D:4)
  16 adders
  6 shadow imps
  An ooze (D:3)
  4 adder zombies
  2 worms
  A dart slug (D:3)
  7 leopard geckos
  50 orcs
  A ball python (D:1)
  2 giant cockroaches
  6 goblins
  A hobgoblin (D:2)
  29 jackals
  32 kobolds
  10 quokkas
  14 bats
  9 frilled lizards
  A leopard gecko zombie (Ossuary)
  2 quokka zombies
  9 rats
696 creatures vanquished.

Vanquished Creatures (collateral kills)
  A fire giant (Depths:1)
  A very ugly thing (Depths:1)
  A deep troll earth mage (D:13)
  2 ugly things (Depths:1)
  A vampire mosquito (D:13)
  A black bear (shapeshifter) (D:13)
  An ogre (D:14)
  An eye of draining (shapeshifter) (Depths:1)
  2 boggarts (Depths:1)
  A jelly (D:14)
12 creatures vanquished.

Vanquished Creatures (others)
  13 plants
  3 withered plants (Ossuary)
16 creatures vanquished.

Grand Total: 724 creatures vanquished

Notes
Turn   | Place    | Note
-------+----------+-------------------------------------------
     0 | D:1      | volde25 the Minotaur Fighter began the quest for the Orb.
     0 | D:1      | Reached XP level 1. HP: 19/19 MP: 0/0
   218 | D:1      | Reached XP level 2. HP: 26/26 MP: 1/1
   815 | D:2      | Reached XP level 3. HP: 33/33 MP: 2/2
   921 | D:2      | Reached skill level 4 in Fighting
  1066 | D:2      | Reached skill level 5 in Fighting
  1066 | D:2      | Reached XP level 4. HP: 39/42 MP: 3/3
  1616 | D:2      | Noticed Natasha
  1627 | D:2      | Killed Natasha
  1627 | D:2      | Reached XP level 5. HP: 46/48 MP: 4/4
  1661 | D:2      | Found a blossoming altar of Fedhas.
  1840 | D:2      | Reached skill level 5 in Shields
  2233 | D:3      | Found a bloodstained altar of Trog.
  2397 | D:3      | Became a worshipper of Trog the Wrathful
  2467 | D:3      | Found a radiant altar of Vehumet.
  2482 | D:3      | Reached skill level 1 in Dodging
  2779 | D:4      | Found a runed door.
  2828 | D:4      | Noticed Crazy Yiuf
  2831 | D:4      | Killed Crazy Yiuf
  2886 | D:4      | Noticed Menkaure
  2895 | D:4      | Killed Menkaure
  2895 | D:4      | Reached skill level 5 in Polearms
  2895 | D:4      | Reached XP level 6. HP: 30/56 MP: 5/5
  3090 | D:4      | Reached * piety under Trog
  3312 | D:4      | Reached XP level 7. HP: 60/61 MP: 6/6
  3341 | D:4      | Found a sand-covered staircase.
  3357 | Ossuary  | Entered an ossuary
  3580 | Ossuary  | Reached ** piety under Trog
  3601 | Ossuary  | Reached skill level 6 in Fighting
  3739 | Ossuary  | Reached skill level 7 in Fighting
  3823 | Ossuary  | Reached XP level 8. HP: 63/73 MP: 7/7
  4306 | D:4      | Reached skill level 8 in Fighting
  4519 | D:4      | Reached skill level 9 in Fighting
  4917 | D:5      | Entered Level 5 of the Dungeon
  5051 | D:5      | Reached *** piety under Trog
  5060 | D:5      | Reached skill level 5 in Armour
  5356 | D:5      | Found a deep blue altar of Sif Muna.
  5377 | D:5      | Reached **** piety under Trog
  5655 | D:5      | Reached XP level 9. HP: 79/83 MP: 8/8
  5709 | D:5      | Received a gift from Trog
  5908 | D:5      | Noticed Edmund
  5910 | D:5      | Noticed Sigmund
  5919 | D:5      | Killed Edmund
  5926 | D:5      | Killed Sigmund
  6414 | D:6      | Reached skill level 10 in Shields
  6449 | D:6      | Found a staircase to the Ecumenical Temple.
  6804 | D:6      | Found a glowing silver altar of Zin.
  6883 | D:6      | Reached skill level 10 in Fighting
  7294 | D:7      | Noticed Joseph
  7313 | D:7      | Killed Joseph
  7361 | D:7      | Reached XP level 10. HP: 66/93 MP: 6/9
  7502 | D:7      | Found a sparkling altar of Nemelex Xobeh.
  7505 | D:7      | Found Meloekk's Distillery.
  7548 | D:7      | Paralysed by a hornet for 1 turns
  7799 | D:7      | Reached skill level 10 in Polearms
  7938 | D:7      | Found a sacrificial altar of Ru.
  8043 | D:7      | Got a translucent quarterstaff
  8502 | D:8      | Reached ***** piety under Trog
  8599 | D:8      | Noticed a queen ant
  8622 | D:8      | Reached skill level 10 in Armour
  8919 | D:8      | Found a glowing golden altar of the Shining One.
  8928 | D:8      | Noticed a two-headed ogre
  8949 | D:8      | Killed a two-headed ogre
  9013 | D:8      | Noticed Toogi's ghost (novice TrHu)
  9028 | D:8      | Killed Toogi's ghost
  9028 | D:8      | Reached XP level 11. HP: 36/99 MP: 10/10
  9429 | D:8      | Killed a queen ant
  9725 | D:9      | Noticed a two-headed ogre
  9737 | D:9      | Killed a two-headed ogre
  9832 | D:9      | Received a gift from Trog
  9973 | D:9      | Received a gift from Trog
 10486 | D:9      | Got an ancient lapis lazuli ring
 10498 | D:9      | Noticed Maurice
 10541 | D:9      | Killed Maurice
 10674 | D:9      | Found an opulent altar of Gozag.
 10862 | D:9      | Found a staircase to the Lair.
 11498 | D:9      | Identified the ring of the Tuna {*Tele rPois rN+} (You took it off a kobold on level 9 of the Dungeon)
 11529 | D:10     | Entered Level 10 of the Dungeon
 11531 | D:10     | Got a polished trident
 11545 | D:10     | Identified the +8 trident "Qumom" {pierce, rF+} (You found it on level 10 of the Dungeon)
 11681 | D:10     | Noticed a two-headed ogre
 11692 | D:10     | Killed a two-headed ogre
 11821 | D:10     | Got a steaming ring mail
 11834 | D:10     | Identified the +1 ring mail "Forget-Me-Not" {rPois} (You found it on level 10 of the Dungeon)
 12040 | D:10     | Reached XP level 12. HP: 93/106 MP: 11/11
 12041 | D:10     | Received a gift from Trog
 12820 | D:11     | Noticed a two-headed ogre
 12825 | D:11     | Killed a two-headed ogre
 12833 | D:11     | Found a staircase to the Orcish Mines.
 12869 | D:11     | Found a roughly hewn altar of Beogh.
 13050 | D:11     | Found Axet's Antique Armour Shop.
 13093 | D:11     | Noticed a two-headed ogre
 13102 | D:11     | Killed a two-headed ogre
 14134 | D:12     | Received a gift from Trog
 14145 | D:12     | Noticed an eight-headed hydra
 14158 | D:12     | Killed an eight-headed hydra
 14488 | D:13     | Reached skill level 5 in Dodging
 14922 | D:13     | Noticed a seven-headed hydra
 14925 | D:13     | Killed a seven-headed hydra
 14925 | D:13     | Reached skill level 11 in Fighting
 14925 | D:13     | Reached XP level 13. HP: 116/116 MP: 12/12
 15473 | D:13     | Noticed a fire dragon
 15496 | D:13     | Reached skill level 12 in Fighting
 15594 | D:13     | Noticed a fire dragon
 15744 | D:13     | Killed a fire dragon
 15758 | D:13     | Noticed a vampire knight
 15770 | D:13     | Killed a vampire knight
 15843 | D:13     | Noticed a fire dragon
 15855 | D:13     | Killed a fire dragon
 15879 | D:13     | Killed a fire dragon
 16517 | D:14     | Reached skill level 10 in Dodging
 16538 | D:14     | Found a gate to the Vaults.
 16921 | D:14     | Noticed Sonja
 16933 | D:14     | Killed Sonja
 17316 | D:14     | Noticed a storm dragon
 17343 | D:14     | Reached XP level 14. HP: 109/126 MP: 13/13
 17375 | D:14     | Killed a storm dragon
 17686 | D:14     | Noticed a fire giant
 17688 | D:14     | Noticed a tengu reaver
 17715 | D:14     | Killed a fire giant
 17715 | D:14     | Reached skill level 13 in Fighting
 17743 | D:14     | Killed a tengu reaver
 17745 | D:14     | HP: 9/193 [poisoned by a vault guard]
 17750 | D:14     | HP: 7/193 [poisoned by a vault guard]
 17753 | D:14     | HP: 3/195 [vault guard/long sword (2)]
 17758 | D:14     | HP: 2/130 [poisoned by a vault guard]
 18231 | D:14     | Noticed a fire giant
 18244 | D:14     | Killed a fire giant
 18244 | D:14     | Reached skill level 14 in Fighting
 18545 | D:14     | Found a shadowy altar of Dithmenos.
 18778 | D:15     | Entered Level 15 of the Dungeon
 18841 | D:15     | HP: 1/133 [white ugly thing (38)]
 18846 | D:15     | Reached skill level 15 in Fighting
 19130 | D:15     | Received a gift from Trog
 19204 | D:15     | Reached skill level 15 in Polearms
 20112 | D:15     | Found a staircase to the Depths.
 20112 | D:15     | Noticed a frost giant
 20124 | D:15     | Killed a frost giant
 20378 | Depths:1 | Entered Level 1 of the Depths
 20378 | Depths:1 | Noticed a cyan very ugly thing
 20378 | Depths:1 | Noticed a cyan very ugly thing
 20380 | Depths:1 | Noticed a cyan very ugly thing
 20381 | Depths:1 | Noticed a stone giant
 20383 | Depths:1 | Noticed a cyan very ugly thing
 20383 | Depths:1 | Noticed a cyan very ugly thing
 20386 | Depths:1 | Noticed a cyan very ugly thing
 20390 | Depths:1 | Killed a white very ugly thing
 20396 | Depths:1 | Killed a green very ugly thing
 20400 | Depths:1 | Killed a cyan very ugly thing
 20498 | Depths:1 | Reached XP level 15. HP: 139/141 MP: 14/14
 20604 | Depths:1 | Found a shattered altar of Ashenzari.
 20638 | Depths:1 | Noticed a storm dragon
 20646 | Depths:1 | Noticed a frost giant
 21162 | Depths:1 | Found a runed door.
 21162 | Depths:1 | Found a runed door.
 21201 | Depths:1 | Reached skill level 16 in Fighting
 21942 | Depths:1 | Found a gateway to Hell.
 22187 | Depths:1 | Reached skill level 17 in Fighting
 22514 | Depths:1 | HP: 4/147 [stone giant/large rock (11)]
 23068 | Depths:1 | Reached skill level 18 in Fighting
 23331 | Depths:1 | Noticed a sphinx
 23331 | Depths:1 | Noticed a fire giant
 23341 | Depths:1 | Killed a fire giant
 23342 | Depths:1 | Killed a sphinx
 23403 | Depths:1 | Noticed a shadow dragon
 23421 | Depths:1 | Killed a shadow dragon
 23554 | Depths:1 | Killed a storm dragon
 23554 | Depths:1 | Received a gift from Trog
 23560 | Depths:1 | Reached XP level 16. HP: 34/159 MP: 6/15
 23560 | Depths:1 | Killed from afar by a frost giant

Skill      XL: |  1  2  3  4  5  6  7  8  9 10 11 12 13 14 15 |
---------------+----------------------------------------------+-----
Polearms       | 3 4 5 7 9 10 13 14 16 | 16.1
Fighting       | 5 7 9 10 11 12 15 18 | 18.9
Armour         | 4 6 11 12 | 12.0
Shields        | 4 5 7 10 12 14 | 14.2
Dodging        | 2 4 5 12 13 | 13.1
Throwing       | |  0.2

Action                   |  1- 3 |  4- 6 |  7- 9 | 10-12 | 13-15 | 16-18 || total
-------------------------+-------+-------+-------+-------+-------+-------++-------
Melee: Trident           |   124 |   138 |   536 |   942 |  1038 |       ||  2778
       Headbutt          |    15 |    20 |   116 |   180 |   257 |       ||   588
       Unarmed           |       |       |     9 |       |       |       ||     9
Throw: Throwing net      |       |       |       |       |     2 |       ||     2
Invok: Trog's Hand       |       |       |     3 |     9 |     7 |       ||    19
       Berserk           |       |       |     3 |     7 |    12 |       ||    22
       Burn Spellbooks   |       |       |     1 |     2 |     2 |       ||     5
       Brothers in Arms  |       |       |       |       |     4 |       ||     4
Evoke: Wand              |       |       |       |       |     1 |       ||     1
  Use: Scroll            |     1 |     9 |    15 |    13 |    12 |       ||    50
       Potion            |       |     2 |       |     2 |     7 |       ||    11
 Stab: Distracted        |       |       |       |       |     1 |       ||     1
  Eat: Chunk             |     1 |     7 |     9 |    13 |     5 |       ||    35
       Bread ration      |       |       |     2 |     7 |     4 |       ||    13
       Meat ration       |       |       |       |       |     4 |       ||     4
Armor: Scale mail        |    68 |    44 |   143 |   191 |       |       ||   446
       Chain mail        |       |       |       |   100 |    38 |       ||   138
       Fire dragon scale |       |       |       |       |   157 |       ||   157
Dodge: Dodged            |    45 |    35 |   194 |   268 |   312 |       ||   854
Block: Shield            |    59 |    61 |   290 |   487 |   436 |       ||  1333
